 Dungeon Crawl Stone Soup version 0.30-a0-1094-g860fb061e7 (webtiles) character file.

Game seed: 682254177648221232

48 hikkokomori the Shooter (level 3, -1/29 HPs)
             Began as a Barachi Hunter on Apr 18, 2023.
             Killed from afar by Natasha (10 damage)
             ... with a magic dart
             ... on level 2 of the Dungeon.
             The game lasted 00:00:41 (905 turns).

hikkokomori the Shooter (Barachi Hunter)             Turns: 905, Time: 00:00:42

Health: -1/29      AC:  3    Str: 12    XL:     3   Next: 72%
Magic:  3/3        EV: 12    Int:  9    God:
Gold:   94         SH:  0    Dex: 17    Spells: 2/2 levels left

rFire   . . .      SeeInvis .    a - +0 shortbow
rCold   . . .      Faith    .    (shield currently unavailable)
rNeg    . . .      Spirit   .    c - +0 leather armour
rPois   .          Reflect  .    (no helmet)
rElec   .          Rampage  .    (no cloak)
rCorr   .                        (no gloves)
Will    .....                    (no boots)
Stlth   ++                       (no amulet)
HPRegen 0.24/turn                (no ring)
MPRegen 0.08/turn                (no ring)

@: unable to hop, slowed, very slow
A: amphibious, slowness 1, strong legs 1, +LOS
a: Hop


You were on level 2 of the Dungeon.
You visited 1 branch of the dungeon, and saw 2 of its levels.

You collected 94 gold pieces.

Inventory:

Hand Weapons
 a - a +0 shortbow (weapon)
Armour
 c - a +0 leather armour (worn)
Jewellery
 j - a +4 ring of protection
Scrolls
 b - a scroll of immolation
 d - a scroll of poison {unknown}
 g - a scroll of vulnerability {unknown}
 h - a scroll of fear {unknown}
 k - a scroll of torment {unknown}
Potions
 e - a potion of degeneration {unknown}
 f - a potion of heal wounds {unknown}
 i - a potion of curing {unknown}


   Skills:
 + Level 3.1 Fighting
 + Level 4.3 Ranged Weapons
 + Level 2.9 Dodging
 + Level 1.8 Stealth


You had 2 spell levels left.
You didn't know any spells.
Your spell library contained the following spells:

 Spells                   Type           Power      Damage    Failure   Level
 Ensorcelled Hibernation  Hex/Ice        0%         N/A       61%         2
 Passwall                 Tmut/Erth      0%         N/A       61%         2
 Swiftness                Air            0%         N/A       83%         3


Dungeon Overview and Level Annotations

Branches:
Dungeon (2/15)

Altars:

Annotations:
D:2 Natasha


Innate Abilities, Weirdness & Mutations

You are amphibious.
You cover ground slowly.
You can hop short distances.
You have an extended range of vision and can be seen from far away.


Message History

Natasha and a hobgoblin come into view.
Found a hand axe and a glowing green potion.
Natasha hisses angrily.
You shoot an arrow. The arrow barely misses Natasha.
The hobgoblin shouts!
An adder comes into view.
There are monsters nearby!
You shoot an arrow. The arrow hits Natasha.
Natasha is lightly wounded.
Natasha barely misses you.
Natasha stares at you and mumbles some strange words.
You feel yourself slow down.
There are monsters nearby!
You shoot an arrow. The arrow misses Natasha.
Natasha wildly gestures.
Natasha's front paws start to glow.
Natasha closely misses you.
Natasha wildly gestures.
Natasha glows brightly for a moment.
Natasha completely misses you.
There are monsters nearby!
Hop to where?
Press: ? - help, Dir - move target, p - Natasha Boing!
Natasha casts a spell at you. The magic dart hits you!
You shoot an arrow. The arrow hits Natasha.
Natasha is moderately wounded.
You shoot an arrow. The arrow hits Natasha!
Natasha is severely wounded.
Natasha stares at you and mumbles some strange words.
The magic dart hits you! Natasha claws you.
You are too injured to fight recklessly!
You are too injured to fight recklessly!
You are too injured to fight recklessly!
You shoot an arrow. The arrow hits Natasha.
Natasha is almost dead.
Natasha stares at you and mumbles some strange words.
The magic dart hits you!
You die...

#.# !... #.# .#.# #.#
)#.# #.# ...# #. #.#
S..# #. #.# ...##.#
##.## #.####......#
####...#####S.......#
..........@hg......##
####...#.###########
##..#.# #.....#
#.....# #..#.##
####....# #......##
#.###..#


You could see Natasha, an adder and a hobgoblin.

Vanquished Creatures
  Natasha (D:2)
  2 dart slugs (D:1)
  An endoplasm (D:1)
  A giant cockroach (D:1)
  4 goblins
  3 hobgoblins
  A ball python (D:2)
  A bat (D:1)
  3 kobolds (D:1)
  3 rats (D:1)
20 creatures vanquished.

Notes
Turn   | Place    | Note
-------+----------+-------------------------------------------
     0 | D:1      | hikkokomori the Barachi Hunter began the quest for the Orb.
     0 | D:1      | Reached XP level 1. HP: 17/17 MP: 1/1
    24 | D:1      | Reached skill level 1 in Stealth
    35 | D:1      | Reached XP level 2. HP: 23/23 MP: 2/2
   837 | D:2      | Noticed Natasha
   841 | D:2      | Killed Natasha
   842 | D:2      | Reached XP level 3. HP: 20/29 MP: 3/3
   897 | D:2      | Noticed Natasha
   905 | D:2      | Killed from afar by Natasha

Illustrated notes

Levels and vault maps discovered:
D:1:      ebering_hopf_link, layout_basic, minmay_pentomino_x4
D:2:      layout_loops_corners, uniq_crazy_yiuf_cottage, uniq_terence,
          uniq_natasha

Skill      XL: |  1  2 |
---------------+-------+-----
Stealth        | 1 |  1.8
Fighting       | 3 |  3.1
Ranged Weapons | |  4.3
Dodging        | |  2.9

Action                     || total
---------------------------++-------
   Fire: Shortbow          ||    54
Ability: Hop               ||     1
 Armour: Leather armour    ||     2
  Dodge: Dodged            ||     9

Table legend: (Time is in decaauts)
 A = Elapsed time spent in this place.
 B = Non-inter-level travel time spent in this place.
 C = Inter-level travel time spent in this place.
 D = Time resting spent in this place.
 E = Time spent auto-exploring this place.
 F = Levels seen in this place.
 G = Mean time per level.
                   A        B        C        D        E       F      G
               +--------+--------+--------+--------+--------+-----+--------+
         Total |   1092 |   1046 |     46 |      0 |    926 |   2 |  546.0 |
       Dungeon |   1092 |   1046 |     46 |      0 |    926 |   2 |  546.0 |
               +--------+--------+--------+--------+--------+-----+--------+

Top non-repeatable levels by time:
     D:1: 934 daAuts
     D:2: 158 daAuts
